AoeStats
← Coldplay

Arena

510266038Analyzed
3v3 RM · 1d ago on Sep 30, 2026· 39m 26s· 6 players
Game mode
Random Map
Map size
Normal (6 player)
Population
200
Speed
Normal
Resources
Standard
Victory
Conquest
Starting age
Dark Age
Ending age
Imperial Age
RankedLock teamsTeams togetherTeam positionsShared explorationLock speedFull tech treeHidden civsTurbo modeCheats
Victory
Defeat
🇨🇳 Bohemians · China
1161
+8
🇲🇽 Turks · Mexico
885
+18
🇲🇽 Persians · Mexico
876
+19
🇦🇷 Persians · Argentina
1012
-17
948
-15
🇪🇸 Goths · Spain
907
-13
SentientSloppyHumanMeatBag [Bot]
3:50 Loom
10:52 Feudal Age
11:40 Double-Bit Axe
13:47 Wheelbarrow
14:03 Horse Collar
15:26 Town Watch
18:40 Castle Age
17:37 Gold Mining
17:39 Stone Mining
17:16 Man-at-Arms
18:10 Forging
18:00 Scale Mail Armor
18:25 Fletching
19:26 Long Swordsman
20:07 Squires
21:30 Bow Saw
22:48 Heavy Plow
23:40 Chain Mail Armor
23:21 Bodkin Arrow
25:14 Iron Casting
27:10 Squires
29:34 Padded Archer Armor
29:49 Detinets
29:24 Pikeman
30:34 Masonry
30:21 Murder Holes
31:21 Ballistics
30:48 Crossbowman
32:11 Hand Cart
31:57 Town Patrol
36:21 Imperial Age
36:27 Two-Handed Swordsman
38:15 Blast Furnace
37:46 Plate Mail Armor
37:31 Champion
38:06 Elite Skirmisher
cosito
4:50 Loom
10:16 Feudal Age
14:00 Double-Bit Axe
17:39 Castle Age
16:12 Stone Mining
18:43 Bow Saw
20:13 Horse Collar
25:42 Gold Mining
26:40 Wheelbarrow
27:00 Bloodlines
26:52 Husbandry
28:02 Forging
27:58 Scale Barding Armor
30:05 Gold Shaft Mining
30:08 Stone Shaft Mining
34:20 Imperial Age
32:04 Heavy Plow
34:08 Caravan
34:41 Coinage
35:23 Citadels
35:34 Conscription
34:36 Elite War Elephant
36:07 Cavalier
37:20 Hand Cart
36:54 Town Watch
37:03 Fletching
37:49 Iron Casting
37:35 Savar
gabrissss
9:59 Loom
12:42 Feudal Age
13:42 Double-Bit Axe
17:01 Castle Age
15:08 Horse Collar
15:52 Stone Mining
16:16 Man-at-Arms
17:09 Scale Mail Armor
20:31 Bow Saw
31:32 Imperial Age
30:30 Wheelbarrow
29:57 Long Swordsman
31:39 Gold Mining
33:18 Chain Mail Armor
35:04 Chemistry
33:46 Two-Handed Swordsman
35:03 Heavy Plow
35:44 Forging
36:22 Pikeman
37:37 Squires
38:15 Iron Casting
38:18 Fletching
Josep Zicri
0:32 Loom
11:38 Feudal Age
12:22 Horse Collar
12:34 Double-Bit Axe
20:16 Castle Age
24:16 Fortified Wall
24:50 Wheelbarrow
24:01 Town Watch
26:53 Imperial Age
26:46 Bow Saw
27:24 Wheelbarrow
26:34 Town Watch
27:00 Gold Mining
27:04 Stone Mining
30:07 Gold Shaft Mining
29:21 Treadmill Crane
30:03 Ballistics
30:25 Conscription
31:46 Two-Man Saw
33:26 Heavy Plow
38:51 Murder Holes
39:08 Masonry
LenientFiddle
9:01 Loom
11:40 Feudal Age
16:08 Castle Age
14:52 Horse Collar
14:58 Double-Bit Axe
17:46 Fervor
19:25 Heavy Plow
19:38 Bow Saw
27:03 Scale Barding Armor
30:41 Forging
30:53 Chain Barding Armor
34:10 Imperial Age
33:51 Husbandry
34:03 Bloodlines
33:51 Elite War Elephant
34:44 Citadels
35:15 Iron Casting
35:58 Crop Rotation
36:30 Two-Man Saw
36:08 Wheelbarrow
35:18 Town Watch
37:43 Plate Barding Armor
38:08 Blast Furnace
37:31 Hand Cart
37:17 Town Patrol
39:46 Stone Mining
39:50 Gold Mining
Coldplay
11:48 Feudal Age
13:25 Horse Collar
13:33 Double-Bit Axe
16:28 Castle Age
20:56 Bow Saw
20:55 Heavy Plow
22:16 Fervor
26:03 Wheelbarrow
30:39 Imperial Age
28:13 Padded Archer Armor
29:08 Hand Cart
30:02 Chemistry
29:21 Leather Archer Armor
29:06 Pikeman
30:33 Squires
30:37 Scale Mail Armor
31:51 Ring Archer Armor
32:25 Two-Man Saw
31:47 Conscription
32:09 Loom
32:10 Town Watch
32:44 Chain Mail Armor
32:40 Forging
34:59 Plate Mail Armor
35:04 Iron Casting
34:37 Halberdier
37:57 Blast Furnace
37:05 Siege Engineers
37:10 Masonry
39:06 Town Patrol
38:32 Houfnice
Connection lost

Rejoining the realm…

Still unreachable

The connection could not be restored.

Session expired

The server has moved on; the page needs a fresh start.